 Dungeon Crawl Stone Soup version 0.28.0-62-gf88900778d (webtiles) character file.

Game seed: 6520603695736212412

27 shakesphere1979 the Chiller (level 2, 20/20 HPs)
             Began as a Draconian Ice Elementalist on Feb 21, 2022.
             Quit the game on level 1 of the Dungeon on Mar 5, 2024.
             The game lasted 00:14:22 (2318 turns).

shakesphere1979 the Chiller (DrIE)                  Turns: 2318, Time: 00:14:22

Health: 20/20      AC:  4    Str: 10    XL:     2   Next: 93%
Magic:  5/5        EV: 12    Int: 15    God:
Gold:   33         SH:  0    Dex: 11    Spells: 4/5 levels left

rFire   . . .      SeeInvis .   a - +0 spear
rCold   . . .      Faith    .   (no shield)
rNeg    . . .      Spirit   .   (armour unavailable)
rPois   .          Reflect  .   (helmet restricted)
rElec   .          Harm     .   (no cloak)
rCorr   .          Rampage  .   (no gloves)
Will    .....                   (no boots)
Stlth   ++........              (no amulet)
HPRegen 0.06/turn               (no ring)
MPRegen 0.09/turn               (no ring)

@: no status effects
A: AC +4, unfitting armour, cold-blooded
a: no special abilities


You were on level 1 of the Dungeon.
You visited 1 branch of the dungeon, and saw 1 of its levels.

You collected 33 gold pieces.

Inventory:

Hand Weapons
 a - a +0 spear (weapon)
Potions
 b - 2 potions of haste {unknown}
 c - a potion of brilliance {unknown}
 d - a potion of flight {unknown}
 e - a potion of heal wounds {unknown}
 f - a potion of berserk rage {unknown}


   Skills:
 - Level 0.4 Polearms
 + Level 2.0 Dodging
 + Level 1.8 Stealth
 + Level 2.1 Spellcasting
 + Level 4.6 Ice Magic


You had 4 spell levels left.
You knew the following spells:

 Your Spells              Type           Power      Damage    Failure   Level
a - Freeze                Ice            60%        1d8       3%          1

Your spell library contained the following spells:

 Spells                   Type           Power      Damage    Failure   Level
 Frozen Ramparts          Ice            30%        1d5       10%         3
 Ozocubu's Armour         Ice            15%        N/A       10%         3
 Corpse Rot               Necr/Air       2%         N/A       32%         2
 Poisonous Vapours        Pois/Air       2%         N/A       32%         2
 Sublimation of Blood     Necr           1%         N/A       32%         2
 Hailstorm                Conj/Ice       8%         3d4       63%         4
 Petrify                  Tmut/Erth      1%         N/A       91%         4
 Irradiate                Conj/Tmut      0%         3d14      99%         5


Dungeon Overview and Level Annotations

Branches:
Dungeon (1/15)

Altars:


Innate Abilities, Weirdness & Mutations

Your plain brown scales are hard. (AC +4)
You cannot fit into any form of body armour.
You are cold-blooded and may be slowed by cold attacks.


Message History

The quokka is heavily wounded.
The quokka bites you. The quokka barely misses you.
Casting: Freeze (safe; 3% risk of failure)
Confirm with . or Enter, or press ? or * to list all spells.
Okay, then.
Casting: Freeze (safe; 3% risk of failure)
Confirm with . or Enter, or press ? or * to list all spells.
Aiming: Freeze (safe; 3% risk of failure)
Press: ? - help, Shift-Dir - straight line, f - quokka
Aim: a quokka (heavily wounded)
You freeze the quokka.
You kill the quokka!
Casting: Freeze (safe; 3% risk of failure)
Confirm with . or Enter, or press ? or * to list all spells.
Aiming: Freeze (safe; 3% risk of failure)
Press: ? - help, Shift-Dir - straight line, f - goblin
Aim: a goblin, wielding a +0 dagger You freeze the goblin.
You kill the goblin!
Your Dodging skill increases to level 2!
You reach to attack!
You hit the rat.
You kill the rat!
No target in view!
No target in view!
No target in view!
Things that are here:
a +0 dagger; a quokka corpse Magic restored.
HP restored.
e - a fuming purple potion As you open the door, it creaks loudly!
Found a stone staircase leading down.
There is an open door here.
f - a coppery potion Done exploring.
Done exploring.
There is a stone staircase leading down here.
Welcome back, shakesphere1979 the Draconian Ice Elementalist.
Press ? for a list of commands and other information.
Are you sure you want to abandon this character and quit the game? (Confirm with "yes".)

#...##.....##.....
#...##'########...
#........#### #...
#...........# #...
###..........# #...
#............# ####
#......#.....#
#......#.....#
#.@....#.....#
#......#(....######
#......#...........
##################.
#. #. #. #. #.


There were no monsters in sight!

Vanquished Creatures
  A bat (D:1)
  An endoplasm (D:1)
  2 giant cockroaches (D:1)
  4 goblins (D:1)
  2 hobgoblins (D:1)
  A quokka (D:1)
  2 ball pythons (D:1)
  7 kobolds (D:1)
  5 rats (D:1)
25 creatures vanquished.

Notes
Turn   | Place    | Note
-------+----------+-------------------------------------------
     0 | D:1      | shakesphere1979 the Draconian Ice Elementalist began the
                  | quest for the Orb.
     0 | D:1      | Reached XP level 1. HP: 14/14 MP: 3/3
   899 | D:1      | Reached XP level 2. HP: 18/20 MP: 5/5
  2318 | D:1      | Upgraded the game from 0.28.0-1-gb440e238dd to
                  | 0.28.0-62-gf88900778d
  2318 | D:1      | Quit the game

Illustrated notes

Levels and vault maps discovered:
D:1:      elethiomel_arrival_maze, layout_basic

Skill      XL: |  1  2 |
---------------+-------+-----
Dodging        | 2 |  2.0
Polearms       | |  0.4
Stealth        | |  1.8
Spellcasting   | |  2.1
Ice Magic      | |  4.6

Action                   || total
-------------------------++-------
Melee: Spear             ||    87
       Tailslap          ||     5
 Cast: Freeze            ||    12
 Stab: Sleeping          ||     3
Armor: Skin              ||    20
Dodge: Dodged            ||    42
